cohdb
Replays
Latest Replays
All Replays
Popular Replays
Top Player Replays
Match Explorer
How It Works
Community
CoH3 Stats
Reddit
Sign in to upload your games and track your stats! →
Sign in with Steam
Match 45230875
Unlisted
Match 45230875
Overview
Messages
Build Orders
End
Construct Barracks
Selects Advanced Infantry Battlegroup
Engineer Squad
Riflemen Squad
Riflemen Squad
Riflemen Squad
Grenade Package
Selects Convert to Ranger Squad
Convert to Ranger Squad
Infantry Support Center
Construct Motor Pool
Convert to Ranger Squad
M8 Greyhound Armored Car
Selects Designate Assault Position
Construct Medical Station
Riflemen Squad
Convert to Ranger Squad
Construct Tank Depot
.30 cal Machine Gun
Selects Ranger Weapon Training
M18 Hellcat Tank Destroyer
M4A1 Sherman Medium Tank
Wint
Clipper__________
Fhilly
💧||CheckO||💧
Stoly
Roger Roach
[-ÓJ-] Hardcore デジデリウ
Cornflake
0
0
Comments
sign in to comment!
No comments posted yet!